 Dungeon Crawl Stone Soup version 0.21-a0-630-g344d351 (webtiles) character file.

84 Firecrotchwizard the Ruffian (level 4, -11/44 HPs)
             Began as a Troll Monk on Dec 27, 2017.
             Mangled by Pekkekk's ghost (13 damage)
             ... on level 3 of the Dungeon.
             The game lasted 00:02:19 (1473 turns).

Firecrotchwizard the Ruffian (Troll Monk)           Turns: 1473, Time: 00:02:20

Health: -11/44     AC:  5    Str: 19    XL:     4   Next: 24%
Magic:  3/3        EV: 10    Int:  6    God:
Gold:   68         SH:  0    Dex: 13    Spells: 3/3 levels left

rFire    . . .     SeeInvis .     - Unarmed
rCold    . . .     Gourm    +   (no shield)
rNeg     . . .     Faith    .   a - +0 robe
rPois    .         Spirit   .   (helmet restricted)
rElec    .         Reflect  .   (no cloak)
rCorr    .         Harm     .   (gloves unavailable)
MR       .....                  (boots unavailable)
Stlth    ++........             (no amulet)
HPRegen  0.54/turn              (no ring)
MPRegen  0.08/turn              (no ring)

@: lethally poisoned (-11 -> -12)
A: large, unfitting armour, claws 3, fast metabolism 3, gourmand, regeneration
1, shaggy fur 1, tough skin 2
a: no special abilities


You were on level 3 of the Dungeon.
You were very full.

You visited 1 branch of the dungeon, and saw 3 of its levels.

You collected 68 gold pieces.

Inventory:

Armour
 a - a +0 robe (worn)
Scrolls
 d - a scroll of amnesia {unknown}
 e - a scroll of fog {unknown}
 h - a scroll of immolation {unknown}
 i - 2 scrolls of identify {unknown}
 j - a scroll of remove curse {unknown}
 k - a scroll of teleportation {unknown}
 l - a scroll of random uselessness {unknown}
 n - a scroll of fear {unknown}
Potions
 f - a potion of flight {unknown}
 g - a potion of mutation {unknown}
 m - a potion of haste {unknown}
Comestibles
 b - 3 rations {@e1}


   Skills:
 - Level 2.5 Fighting
 - Level 2.5 Dodging
 - Level 1.1 Stealth
 + Level 4.7 Unarmed Combat


You had 3 spell levels left.
You didn't know any spells.

Dungeon Overview and Level Annotations

Branches:
Dungeon (3/15)

Altars:

Annotations:
D:3 Pekkekk's ghost, amateur DsVM


Innate Abilities, Weirdness & Mutations

You are too large for most types of armour.
You have claws for hands.
Your metabolism is lightning-fast.
You like to eat raw meat.
Your natural rate of healing is unusually fast.
You are covered in fur. (AC +1)
You have very tough skin. (AC +2)


Message History

The worker ant poisons you!
You take 7 damage, and have 13/36 hp.
You claw the worker ant!
You kill the worker ant!
You have reached level 4!
You feel sick.
You regained 3 hp, and now have 16/44 hp.
MP restored: 3 You start resting.
You feel sick. x4
Pekkekk's ghost (amateur Demonspawn Venom Mage) comes into view.
You regained 3 hp, and now have 19/44 hp.
You feel sick.
Pekkekk's ghost turns its malevolent gaze towards you.
You climb upwards.
There is a stone staircase leading down here.
You start resting.
You feel sick. x2
You are no longer poisoned.
You start resting.
Some of the chunks of flesh in your inventory have rotted away.
Eating a chunk of flesh {@w0}.
You eat the chunk of flesh {@w0}.
This raw flesh tastes great.
Health restored: 44 You climb downwards.
Level annotation: Pekkekk's ghost, amateur DsVM Pekkekk's ghost gestures at you while chanting.
The sting hits you!
You are poisoned.
Pekkekk's ghost casts a spell at you. The sting hits you!
You are more poisoned.
There is a stone staircase leading up, spattered with blood here.
You take 7 damage, and have 37/44 hp.
You feel sick.
You climb upwards.
You feel sick.
There is a stone staircase leading down here.
You take 1 damage, and have 36/44 hp.
You start resting.
You feel sick. x10
You are no longer poisoned.
You regained 4 hp, and now have 40/44 hp.
You start resting.
Health restored: 44 You climb downwards.
Level annotation: Pekkekk's ghost, amateur DsVM Pekkekk's ghost screams, "Don't try to defend!
You have no chance!"
There is a stone staircase leading up, spattered with blood here.
You climb upwards.
There is a stone staircase leading down here.
You start waiting.
Done waiting.
You climb downwards.
Level annotation: Pekkekk's ghost, amateur DsVM Pekkekk's ghost points at you and mumbles some strange words.
The sting hits you!
You are poisoned.
Pekkekk's ghost gestures at you while chanting.
The sting hits you!
You are more poisoned.
There is a stone staircase leading up, spattered with blood here.
You take 7 damage, and have 37/44 hp.
You feel sick.
You see here a frilled lizard skeleton.
You miss Pekkekk's ghost.
You feel sick.
You take 1 damage, and have 36/44 hp.
You scratch Pekkekk's ghost but do no damage.
You feel sick. Pekkekk's ghost barely misses you.
You claw Pekkekk's ghost! Your claw misses Pekkekk's ghost.
Pekkekk's ghost hits you!
You take 8 damage, and have 28/44 hp.
You scratch Pekkekk's ghost.
You feel sick. Pekkekk's ghost hits you.
You take 5 damage, and have 23/44 hp.
You closely miss Pekkekk's ghost. Pekkekk's ghost hits you.
You take 5 damage, and have 18/44 hp.
You miss Pekkekk's ghost.
You feel sick.
Pekkekk's ghost points at you and mumbles some strange words.
The sting hits you!
You are more poisoned.
You take 2 damage, and have 16/44 hp.
You completely miss Pekkekk's ghost.
Pekkekk's ghost gestures at you while chanting.
The sting hits you!
You are more poisoned.
You scratch Pekkekk's ghost but do no damage.
You feel sick.
Pekkekk's ghost hits you but does no damage.
You take 1 damage, and have 15/44 hp.
You scratch Pekkekk's ghost.
You feel sick. Pekkekk's ghost hits you.
You take 1 damage, and have 14/44 hp.
You scratch Pekkekk's ghost but do no damage.
You feel sick. Pekkekk's ghost barely misses you.
You barely miss Pekkekk's ghost.
You feel sick.
You take 1 damage, and have 13/44 hp.
You claw Pekkekk's ghost!
You feel sick. Pekkekk's ghost hits you!
* * * LOW HITPOINT WARNING * * *
You take 11 damage, and have 2/44 hp.
MASSIVE DAMAGE!!
You barely miss Pekkekk's ghost. Pekkekk's ghost hits you!
You die...

.................
................
#..............
#..............
#....!.........
#..>...........
.####..............
......W............
####..@<†.########
#......# ########


You could see Pekkekk's ghost.

Vanquished Creatures
  A worker ant (D:3)
  A gnoll (D:1)
  An adder (D:2)
  A dart slug (D:2)
  A leopard gecko (D:2)
  5 bats
  A giant cockroach (D:2)
  6 goblins
  6 hobgoblins
  3 jackals (D:1)
  A ball python (D:1)
  2 frilled lizards
  4 kobolds
  4 rats
37 creatures vanquished.

Notes
Turn   | Place    | Note
-------+----------+-------------------------------------------
     0 | D:1      | Firecrotchwizard the Troll Monk began the quest for the Orb.
     0 | D:1      | Reached XP level 1. HP: 22/22 MP: 0/0
    31 | D:1      | Reached XP level 2. HP: 29/29 MP: 1/1
   390 | D:1      | Reached XP level 3. HP: 35/36 MP: 2/2
   673 | D:2      | Reached skill level 4 in Unarmed Combat
  1250 | D:3      | Reached XP level 4. HP: 16/44 MP: 3/3
  1264 | D:3      | Noticed Pekkekk's ghost (amateur DsVM)
  1472 | D:3      | HP: 2/44 [Pekkekk's ghost (11)]
  1473 | D:3      | Mangled by Pekkekk's ghost

Vault maps used:
D:1:      minmay_arrival_cross
D:3:      first_ration

Skill      XL: |  1  2  3 |
---------------+----------+-----
Unarmed Combat | 4 |  4.7
Fighting       | |  2.5
Dodging        | |  2.5
Stealth        | |  1.1

Action                   |  1- 3 |  4- 6 || total
-------------------------+-------+-------++-------
Melee: Unarmed           |    87 |    13 ||   100
 Stab: Sleeping          |     3 |       ||     3
  Eat: Chunk             |    17 |     1 ||    18
Armor: Robe              |    27 |     2 ||    29
Dodge: Dodged            |    34 |     2 ||    36

Table legend:
 A = Spawn XP
 B = Non-spawn XP
 C = Spawn XP percentage of total XP
 D = Spawn monster count
 E = Non-spawn monster count
 F = Spawn count percentage of total count
 G = Total turns spent on level
                    A         B        C        D         E        F      G
               +---------+---------+-------+---------+---------+-------+---------
         Total |       0 |     121 |   0.0 |       0 |      37 |   0.0 |  1473
               +---------+---------+-------+---------+---------+-------+---------
           D:1 |       0 |      45 |   0.0 |       0 |      18 |   0.0 |   574
           D:2 |       0 |      43 |   0.0 |       0 |      17 |   0.0 |   840
           D:3 |       0 |      33 |   0.0 |       0 |       2 |   0.0 |    59
               +---------+---------+-------+---------+---------+-------+---------

Vault maps used:
D:1:      minmay_arrival_cross
D:3:      first_ration

Table legend:
 A = Turns spent in this place as a percentage of turns spent in the entire game.
 B = Non-inter-level travel turns spent in this place as a percentage of non-inter-level travel turns spent in the entire game.
 C = Inter-level travel turns spent in this place as a percentage of turns spent in this place.
 D = Turns resting spent in this place as a percentage of non-inter-level travel turns spent in this place.
 E = Turns spent auto-exploring this place as a percentage of non-inter-level travel turns spent in this place.
 F = Non-inter-level travel turns spent in this place divided by the number of levels of this place that you've seen.
                   A       B       C       D       E      F
               +-------+-------+-------+-------+-------+----------------------
         Total | 100.0 | 100.0 |   1.9 |  13.7 |  70.1 | 481.7
       Dungeon | 100.0 | 100.0 |   1.9 |  13.7 |  70.1 | 481.7
               +-------+-------+-------+-------+-------+----------------------

Table legend:
 A = Kills in this place as a percentage of kills in entire the game.
 B = Kills by you in this place as a percentage of kills by you in the entire game.
 C = Kills by friends in this place as a percentage of kills by friends in the entire game.
 D = Other kills in this place as a percentage of other kills in the entire game.
 E = Experience gained in this place as a percentage of experience gained in the entire game.
 F = Experience gained in this place divided by the number of levels of this place that you have seen.
                   A       B       C       D       E      F
               +-------+-------+-------+-------+-------+----------------------
         Total | 100.0 | 100.0 |   N/A |   N/A | 100.0 |  40.3
       Dungeon | 100.0 | 100.0 |   N/A |   N/A | 100.0 |  40.3
               +-------+-------+-------+-------+-------+----------------------
